cohdb
Replays
Latest Replays
All Replays
Popular Replays
Top Player Replays
Match Explorer
How It Works
Community
CoH3 Stats
Reddit
Sign in to upload your games and track your stats! →
Sign in with Steam
Match 37762581
Unlisted
Match 37762581
Overview
Messages
Build Orders
End
Engineer Squad
Construct Barracks
Riflemen Squad
Riflemen Squad
Riflemen Squad
Grenade Package
Riflemen Squad
Infantry Support Center
Construct Motor Pool
M8 Greyhound Armored Car
Riflemen Squad
M1 Anti-tank Gun Team
M1918 Browning Automatic Rifles
Construct Medical Station
Selects Airborne Battlegroup
Selects Recon Loiter
Selects Supply Drop
Selects Carpet Bombing Run
Selects Heavy Machine Gun Paradrop
Recon Loiter
M1 Anti-tank Gun Team
M1 Anti-tank Gun Team
Carpet Bombing Run
Construct Tank Depot
Recon Loiter
M18 Hellcat Tank Destroyer
Carpet Bombing Run
M4A1 Sherman Medium Tank
M4A1 Sherman Medium Tank
Viciousbulldog
WadoVice
0
0
Comments
sign in to comment!
No comments posted yet!